 Dungeon Crawl Stone Soup version 0.13-a0-1585-g6f4f798 (webtiles) character file.

817 Kae the Chiller (level 7, 0/46 HPs)
             Began as a Demonspawn Ice Elementalist on June 12, 2013.
             Slain by a centaur (9 damage)
             ... on Level 5 of the Dungeon.
             The game lasted 00:09:18 (4153 turns).

Kae the Chiller (Demonspawn Ice Elementalist)       Turns: 4153, Time: 00:09:18

HP   0/46        AC  5     Str  8      XL: 7   Next: 13%
MP   3/14        EV 12     Int 19      God:
Gold 239         SH  0     Dex 15      Spells:  3 memorised,  6 levels left

Res.Fire  : . . .   See Invis. : .   (no weapon)
Res.Cold  : . . .   Warding    : .   a - +0 robe
Life Prot.: . . .   Conserve   : .   (no shield)
Res.Poison: .       Res.Corr.  : .   (no helmet)
Res.Elec. : .       Clarity    : .   e - +2 cloak
Sust.Abil.: . .     Spirit.Shd : .   (no gloves)
Res.Mut.  : .       Stasis     : .   (no boots)
Res.Rott. : .       Flight     : .   u - amulet of the gourmand
Gourmand  : +                        (no ring)
                                     (no ring)

@: slightly resistant to hostile enchantments, fairly stealthy
A: hooves 1, Dex +2
a: no special abilities


You were on level 5 of the Dungeon.
You were very full.

You visited 1 branch of the dungeon, and saw 5 of its levels.

You collected 219 gold pieces.

Inventory:

Armour
 a - a +0 robe (worn)
 e - a +2 cloak (worn)
Comestibles
 c - 4 bread rations
 f - 3 meat rations
 v - a snozzcumber
Scrolls
 d - 4 scrolls of identify
 h - 2 scrolls of remove curse {unknown}
 k - a scroll of magic mapping {unknown}
 l - 2 scrolls of enchant weapon II {unknown}
 o - 2 scrolls of recharging {unknown}
 r - 2 scrolls of blinking {unknown}
 x - 4 scrolls of teleportation {unknown}
 z - a scroll of immolation {unknown}
Jewellery
 s - an uncursed ring of fire
 u - an amulet of the gourmand (around neck)
Potions
 g - 2 potions of agility {unknown}
 i - a potion of restore abilities {unknown}
 j - 3 potions of curing
 m - a potion of beneficial mutation {unknown}
 n - a potion of heal wounds {unknown}
 p - a potion of berserk rage {unknown}
 q - 2 potions of resistance {unknown}
 t - a potion of invisibility {unknown}
 w - 2 potions of flight {unknown}
Books
 b - a book of Frost

   Spells                             Type                      Level
   *Freeze                            Ice                          1
   *Throw Frost                       Conjuration/Ice              2
   *Ozocubu's Armour                  Charms/Ice                   3
   Throw Icicle                       Conjuration/Ice              4
   Summon Ice Beast                   Ice/Summoning                4
   Condensation Shield                Ice                          4
 y - a book of Debilitation

   Spells                             Type                      Level
   Corona                             Hexes                        1
   Slow                               Hexes                        2
   Inner Flame                        Hexes/Fire                   3
   Enslavement                        Hexes                        4
   Cause Fear                         Hexes                        4
   Leda's Liquefaction                Hexes/Earth                  4


   Skills:
 - Level 1.7 Dodging
 - Level 1.7 Stealth
 + Level 3.0 Spellcasting
 * Level 4.6 Conjurations
 * Level 5.2 Ice Magic


You had 6 spell levels left.
You knew the following spells:

 Your Spells              Type           Power        Failure   Level  Hunger
a - Freeze                Ice            ###.         1%          1    None
b - Throw Frost           Conj/Ice       ###...       3%          2    ##.....
c - Ozocubu's Armour      Chrm/Ice       ##........   17%         3    ###....


Dungeon Overview and Level Annotations

Branches:
Dungeon (5/27)
 Temple: D:4-7

Altars:
Cheibriados
Okawaru
Trog

Annotations
D:4 exclusion: downstairs
D:5 exclusions: centaur and ice beast


Innate Abilities, Weirdness & Mutations

You have large cloven feet.
You have a somewhat thin skeletal structure (Dex +2, Stlth).


Message History

Confirm with . or Enter, or press ? or * to list all spells.
Aiming: Freeze
Press: ? - help, Shift-Dir - straight line, f/p - centaur
Aim: a centaur (almost dead)
You freeze the centaur.
You kill the centaur!
Your Spellcasting skill increases to level 3!
You have reached level 7!
The centaur hits you.
Casting: Freeze
Confirm with . or Enter, or press ? or * to list all spells.
Aiming: Freeze
Press: ? - help, Shift-Dir - straight line, f - centaur
Aim: a centaur You freeze the centaur.
The centaur is lightly wounded.
The centaur hits you!
* * * LOW HITPOINT WARNING * * *
The centaur hits you!
You die...

#......#########....#######.
'......+......[.(.###
#......#########.## #......#
#.# #......# #.# ###+####
#.# #.# #(# #@# #c)......#
+........# #........#
#........# #........
#..(.... #...... ...


You could see a centaur.

Vanquished Creatures
  An ogre (D:4)
  2 centaurs (D:5)
  A crimson imp (D:5)
  2 hounds
  An orc wizard (D:5)
  A worker ant (D:4)
  7 adders
  A giant mite (D:4)
  6 worms
  A giant gecko (D:1)
  An ooze (D:3)
  6 orcs
  A ball python (D:1)
  3 giant cockroaches
  15 goblins
  8 hobgoblins
  A quokka (D:4)
  13 bats
  A giant newt (D:5)
  A goblin skeleton (D:4)
  12 kobolds
  8 rats
  A rat skeleton (D:4)
94 creatures vanquished.

Vanquished Creatures (others)
  A ball python (D:4)
  A rat (D:5)
2 creatures vanquished.

Grand Total: 96 creatures vanquished

Notes
Turn   | Place    | Note
--------------------------------------------------------------
     0 | D:1      | Kae, the Demonspawn Ice Elementalist, began the quest for the Orb.
     0 | D:1      | Reached XP level 1. HP: 13/13 MP: 3/3
   106 | D:1      | Reached skill level 3 in Ice Magic
   124 | D:1      | Gained mutation: You have large cloven feet. [demonic ancestry]
   124 | D:1      | Reached XP level 2. HP: 11/19 MP: 2/4
   129 | D:1      | Learned a level 2 spell: Throw Frost
   698 | D:2      | Reached XP level 3. HP: 21/24 MP: 3/6
   852 | D:2      | Found a snail-covered altar of Cheibriados.
  1608 | D:3      | Reached XP level 4. HP: 30/30 MP: 7/7
  1789 | D:3      | Found a bloodstained altar of Trog.
  1796 | D:3      | Found an iron altar of Okawaru.
  2466 | D:4      | Reached skill level 4 in Ice Magic
  2466 | D:4      | Reached XP level 5. HP: 24/35 MP: 3/9
  2551 | D:4      | Noticed an ogre
  2556 | D:4      | Learned a level 3 spell: Ozocubu's Armour
  2606 | D:4      | Killed an ogre
  2606 | D:4      | Gained mutation: You have a somewhat thin skeletal structure (Dex +2, Stlth). [demonic ancestry]
  2606 | D:4      | Reached XP level 6. HP: 30/41 MP: 3/11
  2820 | D:4      | Found a bloodstained altar of Trog.
  3188 | D:5      | Entered Level 5 of the Dungeon
  3891 | D:5      | Reached skill level 5 in Ice Magic
  4152 | D:5      | Reached XP level 7. HP: 22/46 MP: 5/14
  4153 | D:5      | Slain by a centaur

Action                   |  1- 3 |  4- 6 |  7- 9 || total
-------------------------+-------+-------+-------++-------
Melee: Unarmed           |    65 |    27 |       ||    92
 Cast: Freeze            |    62 |   119 |     2 ||   183
       Throw Frost       |       |     1 |       ||     1
  Use: Scroll            |       |     1 |       ||     1
 Stab: Sleeping          |     3 |       |       ||     3
